 Dungeon Crawl Stone Soup version 0.27-a0-1090-gb115f176c6 (webtiles) character file.

Game seed: 1217694722118513560

16 1player the Bolt Thrower (level 2, -2/18 HPs)
             Began as a Kobold Hunter on Apr 27, 2021.
             Slain by an adder (3 damage)
             ... on level 1 of the Dungeon.
             The game lasted 00:01:37 (1289 turns).

1player the Bolt Thrower (Kobold Hunter)            Turns: 1289, Time: 00:01:38

Health: -2/18      AC:  4    Str:  6 (9)  XL:     2   Next: 70%
Magic:  2/2        EV: 14    Int:  9 (12) God:
Gold:   13         SH:  0    Dex: 14 (15) Spells: 1/1 levels left

rFire    . . .     SeeInvis .   a - +1 hand crossbow
rCold    . . .     Faith    .   (shield restricted)
rNeg     . . .     Spirit   .   c - +0 leather armour
rPois    .         Reflect  .   g - +0 helmet
rElec    .         Harm     .   (no cloak)
rCorr    .         Rampage  .   (no gloves)
Will     .....                  (no boots)
Stlth    +++.......             (no amulet)
HPRegen  0.06/turn              (no ring)
MPRegen  0.08/turn              (no ring)

@: lethally poisoned (-2 -> -4), flying
A: small, no large weapons, nightstalker 3
a: no special abilities


You were on level 1 of the Dungeon.
You visited 1 branch of the dungeon, and saw 2 of its levels.

You collected 13 gold pieces.

Inventory:

Hand Weapons
 a - a +1 hand crossbow (weapon)
 b - a +0 short sword
Missiles
 d - 16 bolts (quivered ammo)
Armour
 c - a +0 leather armour (worn)
 g - a +0 helmet (worn)
Scrolls
 e - a scroll of teleportation {unknown}
 j - a scroll of identify {unknown}
Potions
 i - a potion of resistance {unknown}


   Skills:
 + Level 2.5 Fighting
 + Level 5.0 Crossbows
 + Level 2.8 Dodging
 + Level 2.1 Stealth


You had one spell level left.
You didn't know any spells.
Your spell library was empty.

Dungeon Overview and Level Annotations

Branches:
Dungeon (2/15)

Altars:

Annotations:
D:1 exclusion: downstairs


Innate Abilities, Weirdness & Mutations

You are small and have problems with some larger weapons.
You are completely attuned to the shadows.


Message History

You hit the jackal.
You kill the jackal!
The adder bites you but does no damage.
You hit the adder but do no damage. The adder barely misses you.
You barely miss the adder. The adder misses you. The adder bites you.
You barely miss the adder. The adder barely misses you.
You closely miss the adder.
The adder bites you but does no damage. x2
You miss the adder. The adder misses you.
You miss the adder. The adder bites you. x2
You are lethally poisoned!
The adder poisons you!
a - a +1 hand crossbow (weapon)
You feel sick.
Fire: 18 bolts
Press: ? - help, Q - select action Shift-Dir - straight line, f - adder
Aim: an adder (51% to hit)
You shoot a bolt. The bolt hits the adder!
The adder is severely wounded.
* * * LOW HITPOINT WARNING * * *
You feel sick. The adder bites you but does no damage.
The adder closely misses you.
Fire: 17 bolts
Press: ? - help, Q - select action Shift-Dir - straight line, f/p - adder
Aim: an adder (severely wounded, 51% to hit)
You shoot a bolt.
The bolt hits the adder but does no damage.
The adder is severely wounded.
* * * LOW HITPOINT WARNING * * *
You feel sick. The adder barely misses you.
It was a potion of flight.
You feel very buoyant.
You fly up into the air.
* * * LOW HITPOINT WARNING * * *
You feel sick. The adder closely misses you. The adder misses you.
It was a potion of degeneration.
There was something very wrong with that liquid.
You feel weakened.
You feel dopey.
You feel clumsy.
* * * LOW HITPOINT WARNING * * *
You feel sick. The adder bites you.
You die...

#....#.....#.######.#....
#...................#....
#..........########.#....
#................##.#....
#.........###..#.##.#....
######....#....#.########
#....#.......>...........
#.##.#.#+#...............
#.##.#.#@S.#......####.#.
#########......######..........#.
............................####.
#.#########.......###.......# #.
#....†............#.........####.
##########........#.#............
#........#.#.........###
#..........#.....≈≈≈.#
#.....#'##.####..≈(≈.#


You could see an adder.

Vanquished Creatures
  4 ball pythons
  An endoplasm (D:1)
  A giant cockroach (D:1)
  A hobgoblin (D:1)
  3 jackals (D:1)
  A quokka (D:1)
  A bat (D:1)
  A frilled lizard (D:1)
  A rat (D:1)
14 creatures vanquished.

Notes
Turn   | Place    | Note
-------+----------+-------------------------------------------
     0 | D:1      | 1player the Kobold Hunter began the quest for the Orb.
     0 | D:1      | Reached XP level 1. HP: 12/12 MP: 1/1
   208 | D:1      | Reached XP level 2. HP: 9/18 MP: 2/2
   420 | D:1      | Reached skill level 5 in Crossbows
  1289 | D:1      | Slain by an adder

Illustrated notes

Levels and vault maps discovered:
D:1:      scummos_arrival_forest, layout_basic, minmay_misc_feat_x,
          minmay_misc_feat_five, corexii_item_surrounded_by_moat
D:2:      layout_loops_cross, minmay_misc_feat_rows, grunt_ministairs_7,
          corexii_shack

Skill      XL: |  1  2 |
---------------+-------+-----
Crossbows      | 5 |  5.0
Stealth        | 2 |  2.1
Fighting       | |  2.5
Dodging        | |  2.8

Action                   || total
-------------------------++-------
Melee: Short sword       ||    58
 Fire: Hand crossbow     ||    13
  Use: Potion            ||     2
 Stab: Sleeping          ||     1
Armor: Leather armour    ||    21
Dodge: Dodged            ||    59

Table legend: (Time is in decaauts)
 A = Elapsed time spent in this place.
 B = Non-inter-level travel time spent in this place.
 C = Inter-level travel time spent in this place.
 D = Time resting spent in this place.
 E = Time spent auto-exploring this place.
 F = Levels seen in this place.
 G = Mean time per level.
                   A        B        C        D        E       F      G
               +--------+--------+--------+--------+--------+-----+--------+
         Total |   1293 |   1222 |     71 |    345 |    711 |   2 |  646.5 |
       Dungeon |   1293 |   1222 |     71 |    345 |    711 |   2 |  646.5 |
               +--------+--------+--------+--------+--------+-----+--------+

Top non-repeatable levels by time:
     D:1: 1285 daAuts
     D:2: 8 daAuts
